 Dungeon Crawl Stone Soup version 0.32-a0-975-g85d4e5bfdb (webtiles) character file.

Game seed: 17652936935987933929

79594 Autsider the Slicer (level 15, -18/80 HPs)
             Began as a Vine Stalker Warper on Apr 18, 2024.
             Was the Champion of Okawaru.
             Demolished by a death knight
             ... wielding a +1 morningstar
              (24 damage)
             ... on level 14 of the Dungeon.
             The game lasted 01:21:18 (21632 turns).

Autsider the Slicer (Vine Stalker Warper)          Turns: 21632, Time: 01:21:18

Health: -18/80     AC: 17    Str: 14    XL:     15   Next: 64%
Magic:  0/23       EV: 11    Int: 13    God:    Okawaru [******]
Gold:   1469       SH: 23    Dex: 27    Spells: 13/23 levels left

rFire   . . .        s - +1 dagger (elec)
rCold   + . .        F - +3 tower shield {AC+3}
rNeg    + . .        R - +3 leather armour {Will+}
rPois   .            (no helmet)
rElec   .            E - +0 cloak
rCorr   .            W - +1 pair of gloves of Kimunit {Rampage rN+}
SInv    .            k - +2 pair of boots
Will    +....        (no amulet)
Stlth   +++++        b - ring of protection from cold
HPRegen 1.13/turn    c - +6 ring of dexterity
MPRegen 0.18/turn

%: guardian spirit, rampage
@: weak-willed
A: fangs 3, regeneration 1, magic shield, antimagic bite, no potion heal 2
a: Renounce Religion, Heroism, Finesse, Duel, Receive Armour


You were on level 14 of the Dungeon.
You worshipped Okawaru.
Okawaru was exalted by your worship.
You visited 3 branches of the dungeon, and saw 20 of its levels.
You also visited: Ice Cave.

You collected 1469 gold pieces.

Inventory:

Hand Weapons
 i - a +6 vampiric rapier
 s - a +1 dagger of electrocution (weapon)
 x - the +5 whip "Poovokh Moso" {venom, rElec rF+ Int+3}
   (You found it on level 4 of the Dungeon)

   Int+3:     It affects your intelligence (+3).
   rF+:       It protects you from fire.
   rElec:     It insulates you from electricity.
Missiles
 d - 6 darts of dispersal (quivered)
 p - 18 javelins
 C - 92 poisoned darts
 J - 8 curare-tipped darts
 T - 11 silver javelins
 U - 3 throwing nets
 Y - 2 atropa-tipped darts
Armour
 k - a +2 pair of boots (worn)
 E - a +0 cloak (worn)
 F - a +3 tower shield of protection (worn)
 K - a +1 ring mail of willpower
 R - a +3 leather armour of willpower (worn)
 W - the +1 pair of gloves of Kimunit (worn) {Rampage rN+}
   (You found it on level 10 of the Dungeon)

   rN+:       It protects you from negative energy.
   Rampage:   It bestows one free step when moving towards enemies.
Magical Staves
 P - a staff of cold
Jewellery
 b - a ring of protection from cold (left hand)
 c - a +6 ring of dexterity (right hand)
 h - a ring of wizardry
 j - a ring of poison resistance
 O - a ring of flight
Wands
 a - a wand of mindburst (4)
 B - a wand of roots (35)
 G - a wand of quicksilver (15)
 Q - a wand of polymorph (13)
Scrolls
 n - a scroll of acquirement
 r - 2 scrolls of amnesia
 t - 2 scrolls of vulnerability
 u - a scroll of blinking
 y - 3 scrolls of revelation
 z - 2 scrolls of silence
 D - a scroll of identify {@r1}
 H - 4 scrolls of teleportation {@r2}
 I - 2 scrolls of fog
 M - a scroll of immolation
 N - 4 scrolls of fear
Potions
 e - 3 potions of might
 f - a potion of attraction {unknown}
 g - 4 potions of lignification
 l - 4 potions of enlightenment
 m - a potion of ambrosia {unknown}
 o - 3 potions of mutation {unknown}
 q - 8 potions of curing {@q1}
 v - 2 potions of brilliance {unknown}
 w - 2 potions of berserk rage {unknown}
 A - 4 potions of haste
 L - 3 potions of degeneration {unknown}


   Skills:
 - Level 10.0 Fighting
 - Level 14.0 Short Blades
 - Level 2.0 Throwing
 * Level 8.6 Armour
 + Level 4.5 Dodging
 - Level 10.0 Stealth
 + Level 10.2 Shields
 + Level 4.8 Spellcasting
 - Level 4.0 Translocations
 - Level 10.0 Invocations


You had 13 spell levels left.
You knew the following spells:

 Your Spells              Type           Power      Damage    Failure   Level
a - Lesser Beckoning      Tloc           26%        N/A       41%         2
b - Maxwell's Portable P  Tloc           13%        2d(6-17)  65%         3
c - Teleport Other        Tloc           13%        N/A       65%         3
z - Blink                 Tloc           26%        N/A       41%         2

Your spell library contained the following spells:

 Spells                   Type           Power      Damage    Failure   Level
 Necrotise                Necr           12%        1d4       83%         1
 Sandblast                Erth           6%         2d5       83%         1
 Volatile Blastmotes      Fire/Tloc      16%        2d11      90%         3
 Cigotuvi's Dreadful Rot  Necr/Alch/Air  6%         N/A       93%         2
 Ensorcelled Hibernation  Hex/Ice        6%         N/A       93%         2
 Mercury Vapours          Alch/Air       6%         N/A       93%         2
 Sublimation of Blood     Necr           3%         N/A       93%         2
 Confusing Touch          Hex            3%         N/A       99%         3
 Dazzling Flash           Conj/Hex       6%         N/A       99%         3
 Inner Flame              Hex/Fire       3%         N/A       99%         3
 Mephitic Cloud           Conj/Alch/Air  3%         N/A       99%         3
 Passwall                 Erth           3%         N/A       99%         3
 Stone Arrow              Conj/Erth      6%         3d7       99%         3
 Swiftness                Air            3%         N/A       99%         3
 Vampiric Draining        Necr           3%         2d6       99%         3
 Cause Fear               Hex            1%         N/A       100%        4
 Flame Wave               Conj/Fire      3%         2d5       100%        4
 Fulminant Prism          Conj/Alch      1%         3d5       100%        4
 Iskenderun's Mystic Bla Conj/Tloc 8%             2d4        (+2d1     100%        4
 Leda's Liquefaction      Alch/Erth      1%         N/A       100%        4
 Petrify                  Alch/Erth      3%         N/A       100%        4
 Sticky Flame             Fire/Alch      3%         2d4       100%        4
 Vhi's Electric Charge    Tloc/Air       16%        N/A       100%        4
 Borgnjor's Vile Clutch   Necr/Erth      1%         N/A       100%        5
 Curse of Agony           Necr           3%         N/A       100%        5
 Metabolic Englaciation   Hex/Ice        1%         N/A       100%        5
 Silence                  Hex/Air        1%         N/A       100%        5
 Rimeblight               Ice/Necr       1%         2d3       (prima100%   7
 Ignition                 Fire           1%         3d3       100%        8
 Chain Lightning          Conj/Air       1%         3d2       100%        9
 Fire Storm               Conj/Fire      1%         8d1       100%        9
 Shatter                  Erth           1%         3d6*      100%        9
 Tukima's Dance           Hex            Unusable   N/A       N/A         3
 Animate Dead             Necr           Unusable   N/A       N/A         4
 Martyr's Knell           Necr/Summ      Unusable   N/A       N/A         4
 Death Channel            Necr           Unusable   N/A       N/A         6
 Sculpt Simulacrum        Ice/Alch       Unusable   N/A       N/A         6

Dungeon Overview and Level Annotations

Branches:
Dungeon (14/15)            Temple (1/1) D:4            Lair (5/5) D:8
  Swamp (0/4) Lair:2        Snake (0/4) Lair:2        Slime (0/5) Lair:4
    Orc (0/2) D:10          IceCv (visited)
 Vaults: D:13-14

Altars:
Ashenzari
Cheibriados
Dithmenos
Elyvilon
Fedhas
Gozag
Hepliaklqana
Kikubaaqudgha
Makhleb
Nemelex Xobeh
Okawaru
Qazlal
Ru
Sif Muna
Trog
Uskayaw
Vehumet
Wu Jian
Xom
Yredelemnul
Zin
The Shining One
Beogh
Jiyva

Annotations:
D:4 exclusion: two-headed ogre
D:5 1 runed translucent door, Crazy Yiuf
Lair:1 exclusion: downstairs


Innate Abilities, Weirdness & Mutations

You have razor-sharp teeth.
Your natural rate of healing is unusually fast.
When hurt, damage is shared between your health and your magic reserves.
Your bite disrupts and absorbs the magic of your enemies.
Potions cannot restore your health.


Message History

The death knight is severely wounded.
You hit the death knight but do no damage.
You bite the death knight, but do no damage.
The death knight is severely wounded.
You block the skeletal warrior's attack.
The death knight barely misses you.
You completely miss the death knight. Your bite misses the death knight.
The death knight is severely wounded.
You block the skeletal warrior's attack.
The death knight hits you with a +1 morningstar!!
* * * LOW HITPOINT WARNING * * *
Okay, then.
Aiming: Quicksilver Bolt
Press: ? - help, Shift-Dir - straight line, f - death knight
Aim: a death knight, wielding a +1 morningstar and wearing a +0 chain mail (severely wounded, 71% to hit)
The bolt of dispelling energy hits the death knight!
The death knight is almost dead.
The bolt of dispelling energy misses the skeletal warrior.
The bolt of dispelling energy hits the basilisk!
The basilisk is heavily wounded.
The bolt of dispelling energy hits the freezing wraith!
The freezing wraith is moderately damaged.
The death knight hits you with a +1 morningstar!
* * * LOW HITPOINT WARNING * * *
You block the skeletal warrior's attack.
Aiming: Quicksilver Bolt
Press: ? - help, Shift-Dir - straight line, f/p - death knight
Aim: a death knight, wielding a +1 morningstar and wearing a +0 chain mail (almost dead, 71% to hit)
The bolt of dispelling energy hits the death knight.
The death knight is almost dead.
The bolt of dispelling energy hits the skeletal warrior!
The skeletal warrior is moderately damaged.
The bolt of dispelling energy hits the basilisk!
The basilisk is almost dead.
The bolt of dispelling energy hits the freezing wraith!
The freezing wraith is heavily damaged.
The skeletal warrior hits you from afar with a +0 glaive!
* * * LOW HITPOINT WARNING * * *
The death knight hits you with a +1 morningstar!!
You die...

#..# #..# #..........# #..# ####
#########'## #..# #.# #..# ##.#
#..#++####### ####..#
...........l# #....##
...D.....z..# ######'##### ##
#.c#######..#####....).)...#####.
'..'.....##.Wlzp@....))....##....
'..'c....#..W####..........##.##.
#..#.....# #..........'..##.
#..#.....# #..........#####.
#..#....$ #..........# #. #..#
#### #..........# #. ...#
############ #. ..# ##


You could see a death knight, a skeletal warrior, a freezing wraith, a basilisk
and a wraith.

Vanquished Creatures
  Josephine (D:11)
  A fire dragon (D:11)
  Harold (Lair:1)
  2 hydras
  5 centaur warriors
  Erica (D:11)
  3 two-headed ogres
  3 boulder beetles
  12 death yaks
  3 tengu warriors (D:13)
  Urug (D:13)
  An occultist (D:11)
  Nergalle (D:11)
  A skyshark (Lair:4)
  A goliath frog (Lair:5)
  5 skeletal warriors
  An arcanist (D:11)
  A phantasmal warrior (D:14)
  A necromancer (IceCv)
  A deep elf pyromancer (D:11)
  2 ugly things
  2 manticores
  2 cyclopes
  10 elephants
  2 black mambas (Lair:1)
  A torpor snail (Lair:5)
  An ice statue (IceCv)
  2 gargoyles
  An unseen horror (D:5)
  A kobold demonologist (D:11)
  Jeremiah (D:9)
  14 cane toads
  An efreet (D:14)
  14 komodo dragons
  A tengu conjurer (D:13)
  A freezing wraith (D:14)
  13 ice devils
  3 rime drakes
  2 anaconda simulacra (IceCv)
  Psyche (D:12)
  3 tyrant leeches
  4 trolls
  Grinder (D:3)
  A polar bear (Lair:3)
  23 blink frogs
  8 dream sheep (Lair:5)
  5 wraiths
  4 wyverns
  3 dire elephant simulacra (IceCv)
  Sigmund (D:6)
  A hog (shapeshifter) (D:14)
  61 yaks
  5 basilisks
  Edmund (D:6)
  Grum (D:9)
  A harpy simulacrum (IceCv)
  A steam dragon (D:9)
  A death yak simulacrum (IceCv)
  10 vampire mosquitoes
  A naga (Lair:2)
  2 acid dragons
  5 hydra simulacra (IceCv)
  15 water moccasins
  5 ice beasts
  9 orc warriors
  3 black bears
  12 wolves
  12 centaurs
  A phantom (D:3)
  17 kobold brigands
  13 bullfrogs
  3 scorpions
  3 gnoll sergeants
  8 cane toad simulacra (IceCv)
  3 wights (D:7)
  2 elephant simulacra (IceCv)
  3 bombardier beetles
  7 howler monkeys
  5 electric eels
  2 bullfrog zombies (D:5)
  6 jellies
  A hound (D:4)
  3 gnoll boudas
  8 orc priests
  Ijyb (D:5)
  A scorpion zombie (D:5)
  7 iguanas
  10 orc wizards
  A troll simulacrum (IceCv)
  4 wolf simulacra (IceCv)
  A spriggan simulacrum (IceCv)
  5 polar bear simulacra (IceCv)
  2 killer bee zombies (D:5)
  A howler monkey zombie (D:5)
  25 gnolls
  13 adders
  5 white imps
  2 ufetubi (IceCv)
  2 ribbon worms
  3 dart slugs
  69 orcs
  6 ball pythons
  7 bats
  12 endoplasms
  3 giant cockroaches
  5 goblins
  9 hobgoblins
  2 jackals (D:1)
  2 quokkas
  2 frilled lizards
  27 kobolds
  8 rats
  A butterfly (Lair:3)
641 creatures vanquished.

Notes
Turn   | Place    | Note
-------+----------+-------------------------------------------
     0 | D:1      | Autsider the Vine Stalker Warper began the quest for the
                  | Orb.
     0 | D:1      | Reached XP level 1. HP: 11/11 MP: 4/4
    92 | D:1      | Reached skill level 2 in Short Blades
    92 | D:1      | Reached skill level 1 in Stealth
    92 | D:1      | Reached XP level 2. HP: 15/15 MP: 6/6
   309 | D:1      | Learned a level 2 spell: Blink
   312 | D:1      | Learned a level 2 spell: Lesser Beckoning
   432 | D:1      | Found a faded altar of an unknown god.
   472 | D:1      | Reached XP level 3. HP: 18/18 MP: 5/7
  1297 | D:2      | Reached XP level 4. HP: 23/23 MP: 8/8
  2352 | D:3      | Reached XP level 5. HP: 26/26 MP: 10/10
  2436 | D:3      | Found a burning altar of Makhleb.
  2449 | D:3      | Found a snail-covered altar of Cheibriados.
  2455 | D:3      | Noticed Grinder
  2542 | D:3      | Paralysed by Grinder for 2 turns
  2549 | D:3      | Paralysed by Grinder for 3 turns
  2555 | D:3      | Killed Grinder
  2556 | D:3      | Reached skill level 5 in Stealth
  2556 | D:3      | Reached XP level 6. HP: 16/30 MP: 7/12
  2775 | D:3      | Reached skill level 3 in Short Blades
  2908 | D:3      | Found a sparkling altar of Nemelex Xobeh.
  3175 | D:3      | Found a stormy altar of Qazlal.
  3268 | D:4      | Reached XP level 7. HP: 35/35 MP: 14/14
  3399 | D:3      | Reached skill level 4 in Short Blades
  3454 | D:3      | Reached skill level 1 in Armour
  3557 | D:4      | Found an iron altar of Okawaru.
  3668 | D:4      | Became a worshipper of Warmaster Okawaru
  3766 | D:4      | Found a staircase to the Ecumenical Temple.
  3888 | Temple   | Entered the Ecumenical Temple
  4004 | D:4      | Learned a level 3 spell: Maxwell's Portable Piledriver
  4008 | D:4      | Learned a level 3 spell: Teleport Other
  4114 | D:4      | Identified the +5 whip "Poovokh Moso" {venom, rElec rF+
                  | Int+3}
  4128 | D:4      | Noticed a two-headed ogre
  4474 | D:5      | Entered Level 5 of the Dungeon
  4499 | D:4      | Reached * piety under Okawaru
  4500 | D:4      | Gained mutation: You have razor-sharp teeth. [Vine Stalker
                  | growth]
  4500 | D:4      | Reached XP level 8. HP: 30/39 MP: 14/15
  4849 | D:5      | Noticed Ijyb
  4954 | D:5      | Killed Ijyb
  5026 | D:5      | Found a basalt altar of Yredelemnul.
  5056 | D:5      | Reached skill level 5 in Short Blades
  5151 | D:5      | Reached ** piety under Okawaru
  5171 | D:5      | Found a blossoming altar of Fedhas.
  5538 | D:5      | Found a shimmering altar of Xom.
  5590 | D:5      | Found a runed translucent door.
  5591 | D:5      | Noticed Crazy Yiuf
  5733 | D:5      | Found a hazy altar of Hepliaklqana.
  5733 | D:5      | Found a faded altar of an unknown god.
  5841 | D:5      | Killed an unseen horror
  5842 | D:5      | Reached skill level 1 in Shields
  5842 | D:5      | Reached XP level 9. HP: 14/45 MP: 4/16
  6152 | D:6      | Noticed Sigmund
  6163 | D:6      | Killed Sigmund
  6235 | D:6      | Found a glowing golden altar of the Shining One.
  6235 | D:6      | Noticed Edmund
  6248 | D:6      | Killed Edmund
  6273 | D:6      | Reached *** piety under Okawaru
  6286 | D:6      | Found an ancient bone altar of Kikubaaqudgha.
  6311 | D:6      | Found an opulent altar of Gozag.
  6357 | D:6      | Reached skill level 6 in Short Blades
  6534 | D:6      | Reached **** piety under Okawaru
  6764 | D:6      | Identified the +3 buckler "Voiveo" {rN+++ Regen+ Str-5
                  | Int-4}
  6914 | D:7      | Reached XP level 10. HP: 48/49 MP: 17/17
  7020 | D:7      | Found a bloodstained altar of Trog.
  7070 | D:7      | Reached skill level 7 in Short Blades
  7070 | D:7      | Reached skill level 1 in Invocations
  7413 | D:7      | Found an ornate altar of the Wu Jian Council.
  7899 | D:8      | Found a staircase to the Lair.
  7959 | D:8      | Reached skill level 10 in Stealth
  8011 | D:8      | Reached skill level 5 in Shields
  8019 | D:8      | Reached ***** piety under Okawaru
  8070 | D:8      | Found a roughly hewn altar of Beogh.
  8199 | D:8      | Received a gift from Okawaru
  8980 | D:9      | Noticed Grum
  9006 | D:9      | Killed Grum
  9214 | D:9      | Noticed Jeremiah
  9222 | D:9      | Killed Jeremiah
  9223 | D:9      | Reached skill level 8 in Short Blades
  9510 | D:9      | Reached XP level 11. HP: 53/53 MP: 18/18
 10051 | D:10     | Entered Level 10 of the Dungeon
 10088 | D:10     | Reached skill level 5 in Invocations
 10123 | D:10     | Found a hide-covered altar of Uskayaw.
 10226 | D:10     | Found a roughly hewn altar of Beogh.
 10226 | D:10     | Found a staircase to the Orcish Mines.
 10505 | D:10     | Found a shimmering blue altar of Sif Muna.
 10509 | D:10     | Noticed a two-headed ogre
 10513 | D:10     | Killed a two-headed ogre
 10513 | D:10     | Received a gift from Okawaru
 10608 | D:10     | Identified the +1 pair of gloves of Kimunit {Rampage rN+}
 10670 | D:10     | Noticed a two-headed ogre
 10673 | D:10     | Killed a two-headed ogre
 10681 | D:10     | Reached skill level 9 in Short Blades
 11056 | D:11     | Noticed a deep elf pyromancer
 11202 | D:11     | Noticed a fire dragon
 11232 | D:11     | Killed a fire dragon
 11381 | D:11     | Noticed Josephine
 11399 | D:11     | Killed Josephine
 11399 | D:11     | Received a gift from Okawaru
 11452 | D:11     | Noticed Erica
 11478 | D:11     | Killed Erica
 11478 | D:11     | Reached ****** piety under Okawaru
 11482 | D:11     | Noticed Nergalle
 11531 | D:11     | Killed Nergalle
 11532 | D:11     | Reached XP level 12. HP: 58/58 MP: 19/19
 11555 | D:11     | Reached skill level 10 in Short Blades
 11702 | D:11     | Received a gift from Okawaru
 12127 | D:11     | Noticed an occultist
 12132 | D:11     | Killed an occultist
 12137 | D:11     | Got Kuco's Collected Works on Arson and Projection
 12139 | D:11     | Got the Directory of Fateful Vapour
 12240 | Lair:1   | Entered Level 1 of the Lair of Beasts
 12315 | Lair:1   | Reached skill level 1 in Throwing
 12365 | Lair:1   | Received a gift from Okawaru
 12575 | Lair:1   | Noticed a death yak
 12588 | Lair:1   | You fall into a shaft and drop 1 floor!
 12588 | Lair:2   | Noticed a death yak
 12588 | Lair:2   | Noticed a death yak
 12588 | Lair:2   | Noticed a death yak
 12588 | Lair:2   | Noticed a death yak
 12666 | Lair:1   | Killed a death yak
 12685 | Lair:1   | Killed a death yak
 12686 | Lair:1   | Reached XP level 13. HP: 56/63 MP: 17/21
 12892 | Lair:1   | Received a gift from Okawaru
 13033 | Lair:1   | Noticed Harold
 13060 | Lair:1   | Killed Harold
 13061 | Lair:1   | Reached skill level 5 in Fighting
 13281 | Lair:1   | Reached skill level 10 in Shields
 13705 | Lair:1   | Acquired a +4 rapier of venom
 13705 | Lair:1   | Received a gift from Okawaru
 13767 | Lair:2   | Reached skill level 5 in Armour
 13825 | Lair:2   | Found a staircase to the Swamp.
 13898 | Lair:2   | Found a staircase to the Snake Pit.
 14000 | Lair:2   | Received a gift from Okawaru
 14073 | Lair:2   | Reached skill level 10 in Invocations
 14807 | Lair:3   | Received a gift from Okawaru
 15553 | Lair:4   | Received a gift from Okawaru
 15656 | Lair:4   | Reached XP level 14. HP: 60/70 MP: 22/22
 15944 | Lair:4   | Found a staircase to the Slime Pits.
 15944 | Lair:4   | Found a viscous altar of Jiyva.
 16666 | Lair:5   | Entered Level 5 of the Lair of Beasts
 16688 | Lair:5   | Reached skill level 11 in Short Blades
 16956 | Lair:5   | Received a gift from Okawaru
 17165 | Lair:5   | Found a snail-covered altar of Cheibriados.
 17532 | Lair:5   | Received a gift from Okawaru
 17547 | Lair:5   | Reached skill level 12 in Short Blades
 18200 | D:12     | Noticed Psyche
 18202 | D:12     | Killed Psyche
 18350 | D:12     | Found a frozen archway.
 18419 | IceCv    | Entered an ice cave
 18617 | IceCv    | Received a gift from Okawaru
 18849 | IceCv    | Found an ancient bone altar of Kikubaaqudgha.
 18855 | IceCv    | Reached XP level 15. HP: 42/80 MP: 11/23
 19174 | IceCv    | Reached skill level 10 in Fighting
 19348 | IceCv    | Reached skill level 13 in Short Blades
 19635 | D:12     | Received a gift from Okawaru
 20059 | D:12     | Identified a scroll of acquirement
 20130 | D:12     | Found a glowing golden altar of the Shining One.
 20344 | D:13     | Noticed Urug
 20345 | D:13     | Killed Urug
 20386 | D:13     | Found a transporter.
 20454 | D:13     | Reached skill level 14 in Short Blades
 20925 | D:13     | Received a gift from Okawaru
 21632 | D:14     | Demolished by a death knight

Illustrated notes

Levels and vault maps discovered:
D:1:      dpeg_arrival_stone_temple_mockup, layout_basic,
          shapermc_ecumenical_altar_flowoftime, serial_forest,
          infiniplex_forest_straight_3, infiniplex_forest_clump_double,
          infiniplex_forest_lined_2, infiniplex_forest_join,
          infiniplex_forest_zigzag_1, infiniplex_forest_end_2,
          hangedman_glass_teeth, minmay_tripent
D:2:      layout_basic
D:3:      layout_loops_ring, grunt_qazlal_clouds, slow_altar_1,
          mainiacjoe_overflow_catwalk_spiral, uniq_grinder
D:4:      layout_basic, mainiacjoe_overflow_catwalk, minmay_temple_entry_glass,
          grunt_decor_cap, minmay_checkerbox
D:5:      layout_rooms, nicolae_yredelemnul_corpse_copse,
          beargit_hepliaklqana_dungeon_heroes, mainiacjoe_overflow_tiny_flanked,
          mainiacjoe_overflow_alcove_1, uniq_ijyb, uniq_crazy_yiuf_cottage
D:6:      nicolae_whirlpool, layout_gridville,
          nicolae_gozag_cash_rules_everything_around_me,
          mainiacjoe_overflow_big_doors, uniq_edmund, uniq_sigmund
D:7:      layout_basic, trog_book, nicolae_wu_jian_immortal_techniques
D:8:      layout_basic, hellmonk_lair_entry_icy, special_room
          [special_room_orc], roderic_lattice_a, minmay_misc_feat_more_columns,
          hangedman_decor_clover_reticule
D:9:      layout_grid_maze, small_chamber_with_monster, uniq_jeremiah, uniq_grum
D:10:     layout_irregular_city, nicolae_overflow_crystal_walls,
          lemuel_crystal_altar, david_orc_5, st_stairs_8
D:11:     layout_long_grid, special_room [special_room_kobold],
          cheibrodos_lost_city_excavation, uniq_josephine, uniq_nergalle,
          uniq_erica
D:12:     layout_rooms, portal_ice_cave_demonic_guard, tso_altar, uniq_psyche
D:13:     layout_rooms, nicolae_diode_basic, uniq_urug
D:14:     layout_roguey, skrybe_vaults_entry_preservation, minmay_evil_grid
Temple:   hellmonk_temple_beads
Lair:1:   layout_small_grid, minivault_25, grunt_megastairs_3,
          lemuel_fruit_fields, lemuel_fruit_tree, serial_bayou_shore_a,
          uniq_harold
Lair:2:   layout_chaotic_city, minmay_swamp_entry_worms,
          guppyfry_snake_entry_island
Lair:3:   layout_chaotic_city, lemuel_fruit_fields, grunt_megastairs_1
Lair:4:   layout_hall_layers, nicolae_slime_entry_slimehenge, enter_volcano_4,
          serial_bayou_lagoon_b
Lair:5:   minmay_lair_end_frog_pond, layout_concentric_octagons, basic_altar

Skill      XL: |  1  2  3  4  5  6  7  8  9 10 11 12 13 14 15 |
---------------+----------------------------------------------+-----
Fighting       | 2 4 6 9 10 | 10.0
Short Blades   | 2 3 4 5 6 8 9 10 12 14 | 14.0
Stealth        | 1 2 3 4 5 7 9 10 | 10.0
Dodging        | 2 3 4 |  4.5
Spellcasting   | 3 4 |  4.8
Translocations | 4 |  4.0
Armour         | 1 2 4 7 8 |  8.6
Shields        | 1 4 6 8 9 10 | 10.2
Invocations    | 4 7 9 10 | 10.0
Throwing       | 2 |  2.0

Action                     |  1- 3 |  4- 6 |  7- 9 | 10-12 | 13-15 || total
---------------------------+-------+-------+-------+-------+-------++-------
  Melee: Short sword       |   330 |    49 |       |       |       ||   379
         Bite              |   148 |    60 |   137 |   373 |   709 ||  1427
         Dagger            |       |   173 |   131 |   606 |   332 ||  1242
         Whip              |       |       |   293 |   296 |    79 ||   668
         Rapier            |       |       |       |       |  1046 ||  1046
  Throw: Dart              |       |     1 |       |       |     3 ||     4
   Cast: Lesser Beckoning  |       |       |     9 |     1 |       ||    10
         Blink             |       |       |       |       |     1 ||     1
 Invoke: Receive Weapon    |       |       |       |       |     1 ||     1
         Finesse           |       |       |       |       |     1 ||     1
  Evoke: Wand              |       |       |       |     2 |     6 ||     8
    Use: Scroll            |       |     4 |     1 |     8 |    22 ||    35
   Stab: Sleeping          |     1 |     7 |    10 |    15 |    30 ||    63
         Distracted        |       |     1 |     2 |     1 |     5 ||     9
 Armour: Leather armour    |    89 |    32 |       |   371 |   721 ||  1213
         Ring mail         |       |    89 |   467 |    81 |       ||   637
  Dodge: Dodged            |    66 |    78 |   210 |   230 |   298 ||   882
  Block: Tower shield      |       |       |   130 |  1051 |  1656 ||  2837

Table legend: (Time is in decaauts)
 A = Elapsed time spent in this place.
 B = Non-inter-level travel time spent in this place.
 C = Inter-level travel time spent in this place.
 D = Time resting spent in this place.
 E = Time spent auto-exploring this place.
 F = Levels seen in this place.
 G = Mean time per level.
                   A        B        C        D        E       F      G
               +--------+--------+--------+--------+--------+-----+--------+
         Total |  21705 |  19458 |   2247 |   1635 |  10062 |  21 | 1033.6 |
       Dungeon |  14669 |  13125 |   1544 |    885 |   7248 |  14 | 1047.8 |
        Temple |      1 |      1 |      0 |      0 |      0 |   1 |    1.0 |
          Lair |   5898 |   5196 |    702 |    360 |   2710 |   5 | 1179.6 |
      Ice Cave |   1136 |   1136 |      0 |    390 |    104 |   1 | 1136.0 |
               +--------+--------+--------+--------+--------+-----+--------+

Top non-repeatable levels by time:
  Lair:1: 1526 daAuts
     D:4: 1518 daAuts
  Lair:4: 1346 daAuts
    D:11: 1343 daAuts
  Lair:5: 1330 daAuts
     D:5: 1323 daAuts
     D:3: 1319 daAuts
     D:1: 1219 daAuts
     D:8: 1198 daAuts
   IceCv: 1136 daAuts
     D:9: 1127 daAuts
    D:10: 1078 daAuts
  Lair:2: 894 daAuts
     D:2: 874 daAuts
     D:7: 827 daAuts
